TOP OF THE 1ST |
Mile High Broncos batting - Pitching for Albuquerque Isotopes : RHP Raúl Ruíz
|
Pitching: RHP Raúl Ruíz
|
|
Batting: SHB Tom Stevens
|
0-0: Called Strike 0-1: Ball 1-1: Ball 2-1: Swinging Strike 2-2: Foul Ball, location: 2F 2-2: Ball 3-2: SINGLE (Line Drive, 9S)
|
Batting: SHB Paco Martínez
|
0-0: Ball 1-0: Called Strike 1-1: Ball 2-1: Foul Ball, location: 2F 2-2: Ball 3-2: Strikes out looking
|
Batting: LHB Tony Báez
|
0-0: Called Strike 0-1: Grounds out, U3 (Groundball, 3L)
|
Batting: RHB António Martínez
|
0-0: Ball 1-0: Ball 2-0: Ball 3-0: Base on Balls
|
Batting: RHB David Moran
|
0-0: Ground out 5-3 (Groundball, 56S)
|
Top of the 1st over - 0 run(s), 1 hit(s), 0 error(s), 2 left on base; Mile High 0 - Albuquerque 0 |
BOTTOM OF THE 1ST |
Albuquerque Isotopes batting - Pitching for Mile High Broncos : RHP Pat Stuckey
|
Pitching: RHP Pat Stuckey
|
|
Batting: RHB Sadayoshi Kato
|
0-0: Ball 1-0: Ball 2-0: Ball 3-0: Base on Balls
|
Batting: RHB Arturo García
|
0-0: Swinging Strike 0-1: Ball 1-1: Ball 2-1: Ball 3-1: Base on Balls Sadayoshi Kato to second
|
Batting: SHB Lee Townsend
|
0-0: Ball 1-0: DOUBLE (Line Drive, 9LS) Sadayoshi Kato scores Arturo García to third
|
Batting: LHB Juan Carlos Sánchez
|
0-0: Ball 1-0: Called Strike 1-1: Ball 2-1: Ball 3-1: Called Strike 3-2: Strikes out swinging
|
Batting: RHB Alden Isenhood
|
0-0: Called Strike 0-1: Ball 1-1: Called Strike 1-2: Reached on error, E4 (Groundball, 4) Arturo García scores Lee Townsend scores
|
Batting: LHB Bernardo Montés
|
0-0: Ball 1-0: Ball 2-0: Ball 3-0: Base on Balls
|
Batting: LHB Fernando Ortíz
|
0-0: Called Strike 0-1: Swinging Strike 0-2: Ball 1-2: Foul Ball, location: 2F 1-2: Ball 2-2: Strikes out swinging
|
Batting: LHB Héctor Cruz
|
0-0: Ball 1-0: Called Strike 1-1: Fly out, F7 (Flyball, 78M)
|
Bottom of the 1st over - 3 run(s), 1 hit(s), 1 error(s), 2 left on base; Mile High 0 - Albuquerque 3 |
TOP OF THE 2ND |
Mile High Broncos batting - Pitching for Albuquerque Isotopes : RHP Raúl Ruíz
|
Batting: RHB Bo Vickers
|
0-0: Ball 1-0: Ball 2-0: Foul Ball, location: 2F 2-1: Swinging Strike 2-2: Foul Ball, location: 2F 2-2: Ball 3-2: Base on Balls
|
Batting: RHB Su-kweon Yu
|
0-0: Swinging Strike 0-1: Called Strike 0-2: Hit by Pitch Bo Vickers to second
|
Batting: LHB Pat Weaver
|
0-0: Swinging Strike 0-1: Ball 1-1: Ground out 5-3 (Groundball, 5S) Bo Vickers to third Su-kweon Yu to second
|
Batting: RHB Francisco Medina
|
0-0: Ball 1-0: Foul Ball, location: 2F 1-1: Foul Ball, location: 2F 1-2: Ball 2-2: Foul Ball, location: 2F 2-2: SINGLE (Groundball, 56D) Bo Vickers scores Su-kweon Yu to third
|
Batting: SHB Tom Stevens
|
0-0: Ball 1-0: Swinging Strike 1-1: Ball 2-1: Swinging Strike 2-2: Strikes out swinging
|
Batting: SHB Paco Martínez
|
0-0: Ball 1-0: Called Strike 1-1: Ball 2-1: Ball 3-1: Ground out U3 (Groundball, 3)
|
Top of the 2nd over - 1 run(s), 1 hit(s), 0 error(s), 2 left on base; Mile High 1 - Albuquerque 3 |
BOTTOM OF THE 2ND |
Albuquerque Isotopes batting - Pitching for Mile High Broncos : RHP Pat Stuckey
|
Batting: RHB Gonzalo Gil
|
0-0: Called Strike 0-1: Swinging Strike 0-2: Ball 1-2: Ball 2-2: Strikes out swinging
|
Batting: RHB Sadayoshi Kato
|
0-0: Ball 1-0: Called Strike 1-1: Swinging Strike 1-2: Foul Ball, location: 2F 1-2: Strikes out swinging
|
Batting: RHB Arturo García
|
0-0: Ball 1-0: Ball 2-0: Ball 3-0: Called Strike 3-1: Base on Balls
|
Batting: SHB Lee Townsend
|
0-0: Ball 1-0: DOUBLE (Flyball, 89D) Arturo García to third Runner from 3rd tries for Home, SAFE, no throw or cutoff
|
Batting: LHB Juan Carlos Sánchez
|
0-0: Ball 1-0: Fly out, F8 (Flyball, 8LXD)
|
Bottom of the 2nd over - 1 run(s), 1 hit(s), 0 error(s), 1 left on base; Mile High 1 - Albuquerque 4 |
TOP OF THE 3RD |
Mile High Broncos batting - Pitching for Albuquerque Isotopes : RHP Raúl Ruíz
|
Batting: LHB Tony Báez
|
0-0: Ball 1-0: Ball 2-0: SINGLE (Line Drive, 9LS)
|
Batting: RHB António Martínez
|
0-0: Swinging Strike 0-1: Called Strike 0-2: Ball 1-2: Ball 2-2: Foul Ball, location: 2F 2-2: Ball 3-2: DOUBLE (Flyball, 78XD) Tony Báez to third Runner from 3rd tries for Home, SAFE, no throw or cutoff
|
Batting: RHB David Moran
|
0-0: Called Strike 0-1: Foul Ball, location: 2F 0-2: Ball 1-2: Fly out, F8 (Flyball, 8LD) Runner from 2nd tags up, SAFE at 3rd, no throw
|
Batting: RHB Bo Vickers
|
0-0: SINGLE (Line Drive, 56) António Martínez scores
|
Batting: RHB Su-kweon Yu
|
0-0: Ball 1-0: Called Strike 1-1: Ball 2-1: Ball 3-1: Base on Balls Bo Vickers to second
|
Batting: LHB Pat Weaver
|
0-0: Ball 1-0: Swinging Strike 1-1: Swinging Strike 1-2: Grounds into double play, U3-6 (Groundball, 3L)
|
Top of the 3rd over - 2 run(s), 3 hit(s), 0 error(s), 1 left on base; Mile High 3 - Albuquerque 4 |
BOTTOM OF THE 3RD |
Albuquerque Isotopes batting - Pitching for Mile High Broncos : RHP Pat Stuckey
|
Batting: RHB Alden Isenhood
|
0-0: Fly out, F9 (Flyball, 9M)
|
Batting: LHB Bernardo Montés
|
0-0: Ball 1-0: SINGLE (Line Drive, 9S)
|
Batting: LHB Fernando Ortíz
|
0-0: Ball 1-0: Called Strike 1-1: DOUBLE (Flyball, 8LXD) Bernardo Montés to third
|
Batting: LHB Héctor Cruz
|
0-0: SINGLE (Flyball, 8RS) Bernardo Montés scores Fernando Ortíz to third Runner from 3rd tries for Home, SAFE, no throw or cutoff
|
Batting: RHB Gonzalo Gil
|
0-0: Fielders Choice at 2nd, 1-6 (Groundball, 23)
|
Batting: RHB Sadayoshi Kato
|
0-0: Ball 1-0: Fly out, F3 (Popup, 3L)
|
Bottom of the 3rd over - 2 run(s), 3 hit(s), 0 error(s), 1 left on base; Mile High 3 - Albuquerque 6 |
TOP OF THE 4TH |
Mile High Broncos batting - Pitching for Albuquerque Isotopes : RHP Raúl Ruíz
|
Batting: RHB Francisco Medina
|
0-0: Ball 1-0: Called Strike 1-1: Swinging Strike 1-2: SINGLE (Line Drive, 89M)
|
Pitching: RHP Rafael Trujillo
|
|
Batting: SHB Tom Stevens
|
0-0: Ball 1-0: Fly out, F8 (Flyball, 78M)
|
Batting: SHB Paco Martínez
|
0-0: Swinging Strike 0-1: Ball 1-1: Called Strike 1-2: Strikes out swinging
|
Batting: LHB Tony Báez
|
0-0: Ball 1-0: Ball 2-0: Called Strike 2-1: Ball 3-1: Foul Ball, location: 2F 3-2: Foul Ball, location: 2F 3-2: Foul Ball, location: 2F 3-2: Foul Ball, location: 2F 3-2: DOUBLE (Line Drive, 3L) Francisco Medina to third Francisco Medina scores
|
Batting: RHB António Martínez
|
0-0: Swinging Strike 0-1: Swinging Strike 0-2: Foul Ball, location: 2F 0-2: Ball 1-2: Strikes out swinging
|
Top of the 4th over - 1 run(s), 2 hit(s), 0 error(s), 1 left on base; Mile High 4 - Albuquerque 6 |
BOTTOM OF THE 4TH |
Albuquerque Isotopes batting - Pitching for Mile High Broncos : RHP Pat Stuckey
|
Batting: RHB Arturo García
|
0-0: Ball 1-0: Ball 2-0: Ball 3-0: Called Strike 3-1: Base on Balls
|
Batting: SHB Lee Townsend
|
0-0: Ball 1-0: Foul Ball, location: 2F 1-1: Foul Ball, location: 2F 1-2: Ball 2-2: DOUBLE (Line Drive, 78D) Arturo García to third
|
Batting: LHB Juan Carlos Sánchez
|
0-0: Called Strike 0-1: Swinging Strike 0-2: Foul Ball, location: 2F 0-2: Ball 1-2: Strikes out looking
|
Batting: RHB Alden Isenhood
|
0-0: Called Strike 0-1: Ball 1-1: Called Strike 1-2: Ball 2-2: Ball 3-2: Strikes out swinging
|
Batting: LHB Bernardo Montés
|
0-0: Ball 1-0: Called Strike 1-1: 3-RUN HOME RUN (Flyball, 9D), Distance : 384 ft
|
Pitching: RHP Thomas Fulton
|
|
Batting: LHB Fernando Ortíz
|
0-0: Called Strike 0-1: Ball 1-1: Swinging Strike 1-2: Foul Ball, location: 2F 1-2: Foul Ball, location: 2F 1-2: Ball 2-2: Ball 3-2: Ground out 4-3 (Groundball, 4)
|
Bottom of the 4th over - 3 run(s), 2 hit(s), 0 error(s), 0 left on base; Mile High 4 - Albuquerque 9 |
TOP OF THE 5TH |
Mile High Broncos batting - Pitching for Albuquerque Isotopes : RHP Rafael Trujillo
|
Batting: RHB David Moran
|
0-0: Ball 1-0: SINGLE (Flyball, 9LS)
|
Batting: RHB Bo Vickers
|
0-0: Ball 1-0: SINGLE (Groundball, 56D) David Moran to second
|
Batting: RHB Su-kweon Yu
|
0-0: Called Strike 0-1: Ball 1-1: Foul Ball, location: 2F 1-2: SINGLE (Line Drive, 4MD) David Moran to third Bo Vickers to second
|
Batting: LHB Pat Weaver
|
0-0: Foul Ball, location: 2F 0-1: SINGLE (Line Drive, 9S) David Moran scores Bo Vickers to third Su-kweon Yu to second
|
Batting: RHB Francisco Medina
|
0-0: Called Strike 0-1: Ball 1-1: Ball 2-1: Fly out, F9 (Flyball, 9S)
|
Batting: SHB Tom Stevens
|
0-0: Called Strike 0-1: Ball 1-1: Ball 2-1: Called Strike 2-2: Ball 3-2: Grounds into double play, 6-4-3 (Groundball, 6)
|
Top of the 5th over - 1 run(s), 4 hit(s), 0 error(s), 2 left on base; Mile High 5 - Albuquerque 9 |
BOTTOM OF THE 5TH |
Albuquerque Isotopes batting - Pitching for Mile High Broncos : RHP Thomas Fulton
|
Batting: LHB Héctor Cruz
|
0-0: Ball 1-0: Called Strike 1-1: Fly out, F8 (Flyball, 8RXD)
|
Batting: RHB Gonzalo Gil
|
0-0: Ball 1-0: Ball 2-0: Ball 3-0: Called Strike 3-1: Base on Balls
|
Batting: RHB Sadayoshi Kato
|
0-0: Called Strike 0-1: Ball Gonzalo Gil steals 2nd base 1-1: Foul Ball, location: 2F 1-2: Ground out 4-3 (Groundball, 4M) Gonzalo Gil to third
|
Batting: RHB Arturo García
|
0-0: Ground out 4-3 (Groundball, 4)
|
Bottom of the 5th over - 0 run(s), 0 hit(s), 0 error(s), 1 left on base; Mile High 5 - Albuquerque 9 |
TOP OF THE 6TH |
Mile High Broncos batting - Pitching for Albuquerque Isotopes : RHP Rafael Trujillo
|
Batting: SHB Paco Martínez
|
0-0: SINGLE (Line Drive, 56)
|
Batting: LHB Tony Báez
|
0-0: Called Strike 0-1: Swinging Strike 0-2: Ball Throwing error on steal attempt, E2 Paco Martínez to third 1-2: Strikes out swinging
|
Batting: RHB António Martínez
|
0-0: Ball 1-0: Ground out 4-3 (Groundball, 4) Paco Martínez scores
|
Batting: RHB David Moran
|
0-0: DOUBLE (Flyball, 78XD)
|
Batting: RHB Bo Vickers
|
0-0: Ball 1-0: Called Strike 1-1: Swinging Strike 1-2: Ball 2-2: Ball 3-2: Base on Balls
|
Pitching: RHP Shiki Kanno
|
|
Batting: RHB Su-kweon Yu
|
0-0: Ball 1-0: Ball 2-0: Ball 3-0: Called Strike 3-1: Swinging Strike 3-2: Strikes out swinging
|
Top of the 6th over - 1 run(s), 2 hit(s), 1 error(s), 2 left on base; Mile High 6 - Albuquerque 9 |
BOTTOM OF THE 6TH |
Albuquerque Isotopes batting - Pitching for Mile High Broncos : RHP Thomas Fulton
|
Batting: SHB Lee Townsend
|
0-0: Ball 1-0: Called Strike 1-1: SINGLE (Line Drive, 89S)
|
Batting: LHB Juan Carlos Sánchez
|
0-0: Foul Ball, location: 2F 0-1: Ball 1-1: Ball 2-1: Ball 3-1: Swinging Strike 3-2: Base on Balls Lee Townsend to second
|
Batting: RHB Alden Isenhood
|
0-0: Fly out, F9 (Flyball, 89M)
|
Batting: LHB Bernardo Montés
|
0-0: Ball 1-0: Ball 2-0: Ball 3-0: Base on Balls Lee Townsend to third Juan Carlos Sánchez to second
|
Batting: LHB Fernando Ortíz
|
0-0: Called Strike 0-1: Ball 1-1: Grounds into double play, 3-6-1 (Groundball, 3)
|
Bottom of the 6th over - 0 run(s), 1 hit(s), 0 error(s), 2 left on base; Mile High 6 - Albuquerque 9 |
TOP OF THE 7TH |
Mile High Broncos batting - Pitching for Albuquerque Isotopes : RHP Shiki Kanno
|
Batting: LHB Pat Weaver
|
0-0: Ball 1-0: Ball 2-0: Foul Ball, location: 2F 2-1: Bunt for hit - play at first, batter safe!
|
Batting: RHB Francisco Medina
|
0-0: Ball Pickoff Throw to First - Out! 1-0: DOUBLE (Groundball, 3D)
|
Batting: SHB Tom Stevens
|
0-0: Ball 1-0: Ball 2-0: Foul Ball, location: 2F 2-1: Ball 3-1: Called Strike 3-2: Foul Ball, location: 2F 3-2: Ground out 6-3 (Groundball, 6)
|
Batting: SHB Paco Martínez
|
0-0: Ball 1-0: Called Strike 1-1: Swinging Strike 1-2: Ball 2-2: Foul Ball, location: 2F 2-2: Ground out U3 (Groundball, 3)
|
Top of the 7th over - 0 run(s), 2 hit(s), 0 error(s), 1 left on base; Mile High 6 - Albuquerque 9 |
BOTTOM OF THE 7TH |
Albuquerque Isotopes batting - Pitching for Mile High Broncos : RHP Thomas Fulton
|
Pitching: RHP César Rúbio
|
|
Batting: LHB Héctor Cruz
|
0-0: Called Strike 0-1: Ball 1-1: Foul Ball, location: 2F 1-2: Fly out, F6 (Popup, 56D)
|
Batting: RHB Gonzalo Gil
|
0-0: Ball 1-0: Called Strike 1-1: Fly out, F4 (Popup, 4MD)
|
Batting: RHB Sadayoshi Kato
|
0-0: Ball 1-0: Ball 2-0: Ball 3-0: Base on Balls
|
Batting: RHB Arturo García
|
0-0: Called Strike 0-1: Fielders Choice at 2nd, 5-4 (Groundball, 5)
|
Bottom of the 7th over - 0 run(s), 0 hit(s), 0 error(s), 0 left on base; Mile High 6 - Albuquerque 9 |
TOP OF THE 8TH |
Mile High Broncos batting - Pitching for Albuquerque Isotopes : RHP Shiki Kanno
|
Batting: LHB Tony Báez
|
0-0: Ball 1-0: SINGLE (Groundball, 56D)
|
Pitching: RHP Juan Rodríguez
|
|
Batting: RHB António Martínez
|
0-0: Called Strike 0-1: Foul Ball, location: 2F 0-2: Foul Ball, location: 2F 0-2: Strikes out swinging
|
Batting: RHB David Moran
|
0-0: Swinging Strike 0-1: Ball 1-1: Swinging Strike 1-2: Foul Ball, location: 2F 1-2: Ball Wild Pitch! Tony Báez to second 2-2: Strikes out swinging
|
Batting: RHB Bo Vickers
|
0-0: Fly out, F7 (Flyball, 7S)
|
Top of the 8th over - 0 run(s), 1 hit(s), 0 error(s), 1 left on base; Mile High 6 - Albuquerque 9 |
BOTTOM OF THE 8TH |
Albuquerque Isotopes batting - Pitching for Mile High Broncos : RHP César Rúbio
|
Batting: SHB Lee Townsend
|
0-0: Ball 1-0: Swinging Strike 1-1: Foul Ball, location: 2F 1-2: Strikes out swinging
|
Batting: LHB Juan Carlos Sánchez
|
0-0: Called Strike 0-1: Foul Ball, location: 2F 0-2: Ball 1-2: Ball 2-2: Foul Ball, location: 2F 2-2: Foul Ball, location: 2F 2-2: Strikes out swinging
|
Batting: RHB Alden Isenhood
|
0-0: Ball 1-0: Fly out, F2 (Popup, 2R)
|
Bottom of the 8th over - 0 run(s), 0 hit(s), 0 error(s), 0 left on base; Mile High 6 - Albuquerque 9 |
TOP OF THE 9TH |
Mile High Broncos batting - Pitching for Albuquerque Isotopes : RHP Juan Rodríguez
|
Pitching: RHP Manny Muñóz
|
|
Batting: RHB Su-kweon Yu
|
0-0: Foul Ball, location: 2F 0-1: Swinging Strike 0-2: Strikes out swinging
|
Batting: LHB Pat Weaver
|
0-0: Foul Ball, location: 2F 0-1: Ball 1-1: Ball 2-1: Ground out U3 (Groundball, 3)
|
Batting: RHB Francisco Medina
|
0-0: Ball 1-0: Called Strike 1-1: Ground out 1-3 (Groundball, 15S)
|
Top of the 9th over - 0 run(s), 0 hit(s), 0 error(s), 0 left on base; Mile High 6 - Albuquerque 9 |
|